 Dungeon Crawl Stone Soup version 0.26-a0-812-g31a745ddcd (webtiles) character file.

Game seed: 6752481194431049129

1081 kae the Ruffian (level 8, -1/70 HPs)
             Began as a Naga Transmuter on Nov 30, 2020.
             Shot with an arrow by a centaur (12 damage)
             ... on level 6 of the Dungeon.
             The game lasted 00:03:28 (5570 turns).

kae the Ruffian (Naga Transmuter)                   Turns: 5570, Time: 00:03:29

Health: -1/70      AC:  2    Str: 15    XL:     8   Next: 29%
Magic:  6/13       EV: 22    Int: 20    God:
Gold:   190        SH:  0    Dex: 22    Spells: 10/14 levels left

rFire    . . .     SeeInvis +     - Unarmed
rCold    . . .     Faith    .   (shield currently unavailable)
rNeg     . . .     Spirit   .   (armour currently unavailable)
rPois    x         Reflect  .   (helmet currently unavailable)
rElec    .         Harm     .   (cloak currently unavailable)
rCorr    .         Rampage  .   (gloves currently unavailable)
MR       +....                  (no barding)
Stlth    ++........             (no amulet)
HPRegen  0.21/turn              h - +6 ring of dexterity
MPRegen  0.13/turn              j - +6 ring of intelligence

@: spider-form, very slightly contaminated
A: tiny, see invisible, spit poison 1, AC +2
a: Spit Poison, End Transformation


You were on level 6 of the Dungeon.
You were a venomous arachnid creature.
You visited 1 branch of the dungeon, and saw 6 of its levels.

You collected 190 gold pieces.

Inventory:

Armour
 a - a +0 robe (melded)
 k - a +0 hat (melded)
Jewellery
 h - a +6 ring of dexterity (left front leg)
 j - a +6 ring of intelligence (right front leg)
 q - a cursed -4 ring of intelligence
Scrolls
 b - 2 scrolls of remove curse {unknown}
 c - 11 scrolls of identify {unknown}
 d - 4 scrolls of magic mapping {unknown}
 f - a scroll of random uselessness {unknown}
 g - a scroll of teleportation {unknown}
 i - a scroll of amnesia {unknown}
 l - a scroll of enchant armour {unknown}
 n - a scroll of immolation {unknown}
Potions
 o - 2 potions of curing
 r - a potion of heal wounds


   Skills:
 + Level 3.6 Fighting
 + Level 3.3 Dodging
 * Level 5.8 Unarmed Combat
 + Level 3.7 Spellcasting
 * Level 5.3 Transmutations


You had 10 spell levels left.
You knew the following spells:

 Your Spells              Type           Power        Failure   Level
a - Beastly Appendage     Tmut           ####..       7%          1
b - Spider Form           Tmut/Pois      ##........   30%         3

Your spell library contained the following spells:

 Spells                   Type           Power        Failure   Level
 Wereblood                Tmut           ####....     9%          2
 Animate Skeleton         Necr           #.....       30%         1
 Apportation              Tloc           #.....       30%         1
 Corona                   Hex            #......      30%         1
 Summon Small Mammal      Summ           #...         30%         1
 Blade Hands              Tmut           ####......   61%         5
 Ice Form                 Ice/Tmut       ##......     63%         4


Dungeon Overview and Level Annotations

Branches:
Dungeon (7/15)
 Temple: D:4-7

Altars:


Innate Abilities, Weirdness & Mutations

You cannot wear boots.
((Your serpentine skin is tough. (AC +2)))
You have supernaturally acute eyesight. (SInv)
((Armour fits poorly on your strangely shaped body.))
((Your system is resistant to poisons. (rPois)))
((You cover ground very slowly.))
You can spit poison.


Message History

A centaur is nearby!
The centaur shouts!
The centaur wields a +0 shortbow.
The centaur shoots an arrow.
The arrow hits you!
* * * LOW HITPOINT WARNING * * *
You see here an arrow.
Casting: Spider Form (dangerous; 13% risk of failure)
Confirm with . or Enter, or press ? or * to list all spells.
You miscast Spider Form.
You are very lightly contaminated with residual magic.
Nothing appears to happen.
You start resting.
The centaur shoots an arrow.
The arrow hits you!
* * * LOW HITPOINT WARNING * * *
Casting: Spider Form (dangerous; 13% risk of failure)
Confirm with . or Enter, or press ? or * to list all spells.
You turn into a venomous arachnid creature.
Your +0 hat melds into your body.
Your +0 robe melds into your body.
The centaur shoots an arrow.
The arrow misses you.
The centaur shoots an arrow.
The arrow hits you!
You die...

#.## .## ### ..# ...
#.... ..# #'# #.#?# ..
..# #.# #.#c# #. .## #.#
#.#.#.. ##
####.####.#.#.# # #
#...).....#.#.##.#.
#..)...#.s#........ ###
#.#...##..(.c....#
..######.##.()((..)..####
#............##.######
########.######.# #.# #.#
#.. ..# #### ###


You could see a centaur.

Vanquished Creatures
  Grinder (D:6)
  An ogre (D:4)
  2 centaurs (D:6)
  A bullfrog (D:7)
  A scorpion (D:4)
  A centaur skeleton (D:4)
  2 hounds (D:7)
  3 orc priests (D:3)
  2 orc wizards
  3 worker ants
  5 adders
  4 gnolls
  A white imp (D:7)
  An ooze (D:4)
  4 worms
  A dart slug (D:1)
  A leopard gecko (D:1)
  16 orcs
  A ball python (D:4)
  6 bats
  4 giant cockroaches (D:3)
  11 hobgoblins
  2 jackals
  2 quokkas
  3 frilled lizards
  7 goblins
  9 kobolds
  12 rats
107 creatures vanquished.

Notes
Turn   | Place    | Note
-------+----------+-------------------------------------------
     0 | D:1      | kae the Naga Transmuter began the quest for the Orb.
     0 | D:1      | Reached XP level 1. HP: 18/18 MP: 3/3
   460 | D:1      | Reached XP level 2. HP: 16/25 MP: 5/5
  1507 | D:1      | Reached XP level 3. HP: 31/31 MP: 4/6
  1512 | D:1      | Learned a level 3 spell: Spider Form
  2559 | D:2      | Found a faded altar of an unknown god.
  2702 | D:2      | Reached XP level 4. HP: 28/39 MP: 5/7
  3463 | D:3      | Reached XP level 5. HP: 41/45 MP: 8/8
  4008 | D:3      | Reached XP level 6. HP: 51/54 MP: 10/10
  4677 | D:4      | Reached XP level 7. HP: 61/61 MP: 7/11
  4916 | D:4      | You fall into a shaft and drop 3 floors!
  4941 | D:7      | Reached skill level 5 in Unarmed Combat
  5270 | D:6      | Noticed Grinder
  5284 | D:6      | Paralysed by Grinder for 3 turns
  5303 | D:6      | Killed Grinder
  5303 | D:6      | Reached skill level 5 in Transmutations
  5303 | D:6      | Reached XP level 8. HP: 28/69 MP: 10/13
  5570 | D:6      | Shot with an arrow by a centaur

Illustrated notes

Levels and vault maps discovered:
D:1:      dpeg_arrival_rooms_with_view, layout_basic
D:2:      minmay_general_purpose_star, layout_loops_ring,
          chequers_ecumenical_altar_simple
D:3:      layout_basic
D:4:      wander_river, layout_rooms, minmay_pentangle
D:6:      old_forge, layout_loops_corners,
          grunt_temple_overflow_lords_of_destruction, kiku_gazebo_pond_becter,
          basic_altar, kennysheep_nondescript, uniq_grinder, uniq_maggie
D:7:      minmay_s_stair_smasher, layout_basic,
          nicolae_qazlal_style_of_elements, kennysheep_mini, uniq_harold,
          uniq_joseph, uniq_crazy_yiuf_cottage

Skill      XL: |  1  2  3  4  5  6  7 |
---------------+----------------------+-----
Dodging        | 2 3 |  3.3
Transmutations | 3 4 5 |  5.3
Fighting       | 2 3 |  3.6
Unarmed Combat | 4 5 |  5.8
Spellcasting   | 3 |  3.7

Action                   |  1- 3 |  4- 6 |  7- 9 || total
-------------------------+-------+-------+-------++-------
Melee: Unarmed           |    85 |   104 |    86 ||   275
       Headbutt          |     7 |     4 |       ||    11
       Punch             |     1 |       |       ||     1
 Cast: Beastly Appendage |    25 |    13 |       ||    38
       Spider Form       |       |    14 |    13 ||    27
 Abil: Spit Poison       |    26 |    24 |     9 ||    59
  Use: Potion            |       |     2 |     4 ||     6
Armor: Robe              |    21 |    10 |     4 ||    35
       Skin              |       |    28 |     7 ||    35
Dodge: Dodged            |    53 |   108 |    96 ||   257

Table legend: (Time is in decaauts)
 A = Elapsed time spent in this place.
 B = Non-inter-level travel time spent in this place.
 C = Inter-level travel time spent in this place.
 D = Time resting spent in this place.
 E = Time spent auto-exploring this place.
 F = Levels seen in this place.
 G = Mean time per level.
                   A        B        C        D        E       F      G
               +--------+--------+--------+--------+--------+-----+--------+
         Total |   6347 |   6154 |    193 |    251 |   5058 |   6 | 1057.8 |
       Dungeon |   6347 |   6154 |    193 |    251 |   5058 |   6 | 1057.8 |
               +--------+--------+--------+--------+--------+-----+--------+

Top non-repeatable levels by time:
     D:1: 2217 daAuts
     D:2: 1535 daAuts
     D:3: 1327 daAuts
     D:4: 603 daAuts
     D:6: 472 daAuts
     D:7: 191 daAuts
